 Dungeon Crawl Stone Soup version 0.28.0-43-g3370ac3207 (webtiles) character file.

Game seed: 4095235032126856530

343 Ablot the Grasshopper (level 6, 0/51 HPs)
             Began as a Gnoll Warper on Feb 28, 2022.
             Slain by Natasha (5 damage)
             ... on level 4 of the Dungeon.
             The game lasted 00:04:48 (4422 turns).

Ablot the Grasshopper (Gnoll Warper)                Turns: 4422, Time: 00:04:48

Health: 0/51       AC:  4    Str: 12    XL:     6   Next: 57%
Magic:  14/14      EV: 13    Int: 13    God:
Gold:   97         SH:  0    Dex: 11    Spells: 13/15 levels left

rFire   . . .      SeeInvis .   g - +4 short sword
rCold   . . .      Faith    .   (no shield)
rNeg    . . .      Spirit   .   b - +0 leather armour
rPois   .          Reflect  .   (no helmet)
rElec   .          Harm     .   (no cloak)
rCorr   .          Rampage  .   (no gloves)
Will    +....                   u - +0 pair of boots
Stlth   ++........              (no amulet)
HPRegen 0.17/turn               j - ring of willpower
MPRegen 0.14/turn               (no ring)

@: slowed, very slow
A: fangs 1, strong nose, distributed training
a: no special abilities


You were on level 4 of the Dungeon.
You visited 1 branch of the dungeon, and saw 4 of its levels.

You collected 167 gold pieces.
You spent 70 gold pieces at shops.

Inventory:

Hand Weapons
 a - a +0 spear
 g - a +4 short sword (weapon)
Missiles
 d - 5 boomerangs of dispersal
 f - 80 stones
 m - 17 arrows
 n - 4 poisoned darts (quivered)
 p - 16 bolts
 s - 15 sling bullets
Armour
 b - a +0 leather armour (worn)
 u - a +0 pair of boots (worn)
Jewellery
 j - a ring of willpower (left hand)
Wands
 w - a wand of paralysis (11)
Scrolls
 c - 2 scrolls of blinking
 e - 3 scrolls of teleportation
 h - a scroll of vulnerability {unknown}
 i - 3 scrolls of identify
 r - a scroll of fog {unknown}
 t - a scroll of immolation {unknown}
 v - a scroll of amnesia {unknown}
Potions
 k - a potion of brilliance {unknown}
 l - a potion of heal wounds {unknown}
 o - a potion of invisibility {unknown}
 q - a potion of might {unknown}


   Skills:
 + Level 5.0 Fighting
 + Level 2.0 Short Blades
 + Level 2.0 Long Blades
 + Level 2.0 Axes
 + Level 2.0 Maces & Flails
 + Level 5.0 Polearms
 + Level 2.0 Staves
 + Level 2.0 Slings
 + Level 2.0 Bows
 + Level 2.0 Crossbows
 + Level 3.3 Throwing
 + Level 3.3 Armour
 + Level 5.0 Dodging
 + Level 2.0 Stealth
 + Level 2.0 Shields
 + Level 2.0 Unarmed Combat
 + Level 5.4 Spellcasting
 + Level 1.6 Conjurations
 + Level 1.6 Hexes
 + Level 1.6 Summonings
 + Level 1.6 Necromancy
 + Level 5.7 Translocations
 + Level 1.6 Transmutations
 + Level 1.6 Fire Magic
 + Level 1.6 Ice Magic
 + Level 1.6 Air Magic
 + Level 1.6 Earth Magic
 + Level 1.6 Poison Magic
 + Level 2.2 Invocations
 + Level 2.0 Evocations


You had 13 spell levels left.
You knew the following spells:

 Your Spells              Type           Power      Damage    Failure   Level
a - Blink                 Tloc           36%        N/A       3%          2

Your spell library contained the following spells:

 Spells                   Type           Power      Damage    Failure   Level
 Gell's Gravitas          Tloc           18%        N/A       7%          3
 Lesser Beckoning         Tloc           18%        N/A       7%          3
 Teleport Other           Tloc           18%        N/A       7%          3
 Manifold Assault         Tloc           18%        N/A       52%         5
 Malign Gateway           Summ/Tloc      6%         N/A       100%        7
 Summon Horrible Things   Summ           3%         N/A       100%        8


Dungeon Overview and Level Annotations

Branches:
Dungeon (4/15)
 Temple: D:4-7

Altars:
Cheibriados
Trog
Vehumet

Shops:
D:3 *

Annotations:
D:4 exclusion: statue, Natasha


Innate Abilities, Weirdness & Mutations

You have very sharp teeth.
Your uncanny sense of smell can sniff out nearby items.
Your experience applies equally to all skills.


Message History

The hound bites you. Natasha claws you but does no damage. The hound bites you.
You barely miss the hound.
The hound is almost dead.
The hound bites you. Natasha closely misses you.
You are too injured to fight recklessly!
You are too injured to fight recklessly!
You are too injured to fight recklessly!
You are too injured to fight recklessly!
You are too injured to fight recklessly!
You are too injured to fight recklessly!
You are too injured to fight recklessly!
You are too injured to fight recklessly!
You are too injured to fight recklessly!
You are too injured to fight recklessly!
You are too injured to fight recklessly!
You are too injured to fight recklessly!
You are too injured to fight recklessly!
You are too injured to fight recklessly!
You are too injured to fight recklessly!
You miss the hound. Your bite misses the hound.
The hound is almost dead.
The hound bites you. Natasha casts a spell at you.
You feel yourself slow down. The hound bites you.
Unknown command.
You barely miss the hound.
The hound is almost dead.
The hound barely misses you. Natasha claws you.
* * * LOW HITPOINT WARNING * * *
The hound bites you.
* * * LOW HITPOINT WARNING * * *
Natasha claws you but does no damage.
You puncture the hound!
You kill the hound!
Natasha claws you.
* * * LOW HITPOINT WARNING * * *
Natasha claws you.
* * * LOW HITPOINT WARNING * * *
Natasha claws you.
You die...

.............# ∆
.............#
#######.........#
......#.#...††..#
8._.....##.....## .
#.##.....#
.#########.##....##
...........###...# ∆
...............h@#
.................#
#................#
#..............##...#
#...........#### ...#
###.........# ##...#
.#. ............#
##.#.#.# # #.. .
............###..#.#.#.
#. ... #
.....#+#....#....# #.#
#.# ..##


You could see Natasha.

Vanquished Creatures
  A scorpion (D:4)
  A hound (D:4)
  A jelly (D:4)
  Natasha (twice) (D:4)
  3 gnolls (D:3)
  7 adders
  2 adder skeletons (D:4)
  A worm (D:2)
  A dart slug (D:3)
  3 orcs
  3 bats
  7 endoplasms
  4 giant cockroaches
  12 goblins
  5 hobgoblins
  3 jackals (D:1)
  4 quokkas
  5 ball pythons
  2 frilled lizards
  4 kobolds
  4 rats
75 creatures vanquished.

Vanquished Creatures (others)
  A fungus (D:1)
  2 plants (D:1)
3 creatures vanquished.

Grand Total: 78 creatures vanquished

Notes
Turn   | Place    | Note
-------+----------+-------------------------------------------
     0 | D:1      | Ablot the Gnoll Warper began the quest for the Orb.
     0 | D:1      | Reached XP level 1. HP: 20/20 MP: 6/6
   131 | D:1      | Reached XP level 2. HP: 12/26 MP: 7/7
   164 | D:1      | Learned a level 2 spell: Blink
   523 | D:1      | Reached XP level 3. HP: 31/31 MP: 9/9
   533 | D:1      | Reached skill level 5 in Spellcasting
   896 | D:2      | Reached skill level 1 in Invocations
  1050 | D:2      | Reached skill level 1 in Short Blades
  1050 | D:2      | Reached skill level 1 in Long Blades
  1050 | D:2      | Reached skill level 1 in Axes
  1050 | D:2      | Reached skill level 1 in Maces & Flails
  1050 | D:2      | Reached skill level 1 in Staves
  1050 | D:2      | Reached skill level 1 in Slings
  1050 | D:2      | Reached skill level 1 in Bows
  1050 | D:2      | Reached skill level 1 in Crossbows
  1050 | D:2      | Reached skill level 1 in Stealth
  1050 | D:2      | Reached skill level 1 in Shields
  1050 | D:2      | Reached skill level 1 in Unarmed Combat
  1050 | D:2      | Reached skill level 1 in Evocations
  1356 | D:2      | Reached XP level 4. HP: 14/38 MP: 11/11
  1981 | D:2      | Found a faded altar of an unknown god.
  2540 | D:3      | Reached skill level 1 in Conjurations
  2540 | D:3      | Reached skill level 1 in Hexes
  2540 | D:3      | Reached skill level 1 in Summonings
  2540 | D:3      | Reached skill level 1 in Necromancy
  2540 | D:3      | Reached skill level 1 in Transmutations
  2540 | D:3      | Reached skill level 1 in Fire Magic
  2540 | D:3      | Reached skill level 1 in Ice Magic
  2540 | D:3      | Reached skill level 1 in Air Magic
  2540 | D:3      | Reached skill level 1 in Earth Magic
  2540 | D:3      | Reached skill level 1 in Poison Magic
  2706 | D:3      | Found Vuuvvosoa's General Store.
  2842 | D:3      | Bought a scroll of identify for 28 gold pieces
  2842 | D:3      | Bought a scroll of teleportation for 42 gold pieces
  2871 | D:3      | Found a snail-covered altar of Cheibriados.
  2927 | D:3      | Reached XP level 5. HP: 40/43 MP: 12/12
  3506 | D:4      | Noticed Natasha
  3511 | D:4      | Killed Natasha
  3906 | D:4      | Reached XP level 6. HP: 33/50 MP: 13/13
  4062 | D:4      | Found a bloodstained altar of Trog.
  4108 | D:4      | Found a radiant altar of Vehumet.
  4162 | D:4      | Noticed Natasha
  4317 | D:4      | Killed Natasha
  4318 | D:4      | Reached skill level 5 in Fighting
  4318 | D:4      | Reached skill level 5 in Polearms
  4318 | D:4      | Reached skill level 5 in Dodging
  4412 | D:4      | Noticed Natasha
  4422 | D:4      | Slain by Natasha

Illustrated notes

Levels and vault maps discovered:
D:1:      lemuel_arrival_muddy, layout_basic
D:2:      layout_basic, shapermc_ecumenical_altar_notcrosses
D:3:      layout_basic, cheibriados_altar_1, serial_shops, nicolae_shop_crystal
D:4:      nicolae_BIG_FREAKIN_CUBE, layout_basic,
          mainiacjoe_overflow_surrounded_room, vehumet_statue,
          ashenzari_conservatory_becter, minmay_ogre_servants, uniq_natasha,
          uniq_crazy_yiuf_cottage

Skill      XL: |  1  2  3  4  5  6 |
---------------+-------------------+-----
Spellcasting   | 5 |  5.4
Invocations    | 1 2 |  2.2
Short Blades   | 1 2 |  2.0
Long Blades    | 1 2 |  2.0
Axes           | 1 2 |  2.0
Maces & Flails | 1 2 |  2.0
Staves         | 1 2 |  2.0
Slings         | 1 2 |  2.0
Bows           | 1 2 |  2.0
Crossbows      | 1 2 |  2.0
Stealth        | 1 2 |  2.0
Shields        | 1 2 |  2.0
Unarmed Combat | 1 2 |  2.0
Evocations     | 1 2 |  2.0
Conjurations   | 1 |  1.6
Hexes          | 1 |  1.6
Summonings     | 1 |  1.6
Necromancy     | 1 |  1.6
Transmutations | 1 |  1.6
Fire Magic     | 1 |  1.6
Ice Magic      | 1 |  1.6
Air Magic      | 1 |  1.6
Earth Magic    | 1 |  1.6
Poison Magic   | 1 |  1.6
Throwing       | 3 |  3.3
Armour         | 3 |  3.3
Fighting       | 5 |  5.0
Polearms       | 5 |  5.0
Dodging        | 5 |  5.0
Translocations | |  5.7

Action                   |  1- 3 |  4- 6 || total
-------------------------+-------+-------++-------
Melee: Spear             |    36 |       ||    36
       Bite              |    13 |    12 ||    25
       Punch             |     5 |     2 ||     7
       Short sword       |    69 |   141 ||   210
 Cast: Blink             |       |     1 ||     1
  Use: Scroll            |       |     1 ||     1
 Stab: Sleeping          |     2 |     1 ||     3
Armor: Leather armour    |    23 |    26 ||    49
Dodge: Dodged            |    65 |    94 ||   159
